AoeStats
← Outsider

Black Forest

506403796Analyzed
1v1 RM · 20d ago on Sep 13, 2026· 55m 50s· 2 players
Game mode
Random Map
Map size
Tiny (2 player)
Population
200
Speed
Normal
Resources
Standard
Victory
Conquest
Starting age
Dark Age
Ending age
Imperial Age
RankedLock teamsTeams togetherTeam positionsShared explorationLock speedFull tech treeHidden civsTurbo modeCheats
Victory
Defeat
🇫🇷 Romans · France
947
+15
🇦🇺 Bohemians · Australia
929
-21
Outsider
11:00 Feudal Age
10:20 Loom
13:19 Double-Bit Axe
16:53 Castle Age
19:01 Bow Saw
18:33 Horse Collar
19:14 Caravan
26:07 Chemistry
26:21 Fletching
26:31 Padded Archer Armor
27:10 Heavy Plow
31:47 Imperial Age
31:06 Wheelbarrow
30:28 Town Watch
30:48 Bodkin Arrow
31:09 Leather Archer Armor
32:41 Wagenburg Tactics
34:01 Ballistics
34:58 Hand Cart
35:09 Fortified Wall
36:53 Pikeman
37:33 Squires
37:35 Halberdier
39:27 Murder Holes
40:42 Scale Mail Armor
40:52 Forging
40:44 Bracer
41:14 Ring Archer Armor
42:05 Chain Mail Armor
43:48 Iron Casting
46:24 Elite Hussite Wagon
47:27 Conscription
47:23 Houfnice
50:25 Arson
54:59 Blast Furnace
CHRISTO LE ROI8
12:30 Feudal Age
13:24 Double-Bit Axe
13:23 Horse Collar
16:01 Wheelbarrow
19:41 Castle Age
18:40 Stone Mining
18:44 Gold Mining
19:05 Scale Mail Armor
20:52 Heavy Plow
21:16 Bow Saw
24:59 Hand Cart
29:23 Imperial Age
27:17 Squires
26:41 Light Cavalry
27:25 Husbandry
28:09 Pikeman
29:03 Forging
29:01 Scale Barding Armor
30:40 Gold Shaft Mining
30:29 Conscription
31:15 Chemistry
30:37 Man-at-Arms
32:54 Bloodlines
33:34 Heavy Scorpion
33:36 Capped Ram
34:55 Crop Rotation
34:26 Cavalier
36:49 Iron Casting
41:51 Ballistas
42:08 Chain Mail Armor
42:53 Blast Furnace
44:22 Ballistics
44:09 Siege Engineers
46:45 Halberdier
50:24 Chain Barding Armor
52:57 Plate Barding Armor
52:23 Siege Ram
54:26 Long Swordsman
Connection lost

Rejoining the realm…

Still unreachable

The connection could not be restored.

Session expired

The server has moved on; the page needs a fresh start.